 Dungeon Crawl Stone Soup version 0.31-a0-361-g0f8bd3a (webtiles) character file.

Game seed: 10647536745485239517

296 Dorkslayer the Shield-Bearer (level 6, 0/38 HPs)
             Began as a Gargoyle Fighter on July 26, 2023.
             Slain by a gnoll sergeant
             ... wielding a +0 trident
              (3 damage)
             ... on level 3 of the Dungeon.
             The game lasted 00:06:32 (2032 turns).

Dorkslayer the Shield-Bearer (Gargoyle Fighter)     Turns: 2032, Time: 00:06:33

Health: 0/38       AC: 14    Str: 22    XL:     6   Next: 34%
Magic:  6/6        EV: 12    Int:  8    God:
Gold:   77         SH:  8    Dex:  9    Spells: 5/5 levels left

rFire   . . .        a - +0 war axe
rCold   . . .        l - +0 kite shield
rNeg    + . .        p - +0 chain mail
rPois   ∞            k - +0 helmet
rElec   +            (no cloak)
rCorr   .            (no gloves)
SInv    .            (no boots)
Will    .....        (no amulet) Stlth
                     e - +5 ring of evasion
HPRegen 0.26/turn    n - ring of flight
MPRegen 0.10/turn

%: no passive effects
@: mighty, flying
A: sickness immunity, AC +4, negative energy resistance 1, electricity
resistance, torment resistance 1, petrification resistance
a: no special abilities


You were on level 3 of the Dungeon.
You visited 1 branch of the dungeon, and saw 3 of its levels.
You also visited: Sewer.

You collected 119 gold pieces.
You spent 42 gold pieces at shops.

Inventory:

Hand Weapons
 a - a +0 war axe (weapon)
Armour
 k - a +0 helmet (worn)
 l - a +0 kite shield (worn)
 p - a +0 chain mail (worn)
Jewellery
 e - a +5 ring of evasion (left hand)
 n - a ring of flight (right hand)
Scrolls
 g - 3 scrolls of teleportation
 h - a scroll of amnesia
 o - 3 scrolls of blinking
Potions
 d - a potion of might
 j - a potion of lignification


   Skills:
 + Level 4.0 Fighting
 + Level 4.1 Axes
 + Level 3.8 Armour
 * Level 1.9 Dodging
 + Level 4.2 Shields


You had 5 spell levels left.
You didn't know any spells.
Your spell library contained the following spells:

 Spells                   Type           Power      Damage    Failure   Level
 Apportation              Tloc           0%         N/A       99%         1
 Necrotise                Necr           0%         1d4       99%         1
 Sting                    Tmut/Pois      0%         1d3       99%         1
 Summon Small Mammal      Summ           0%         N/A       99%         1
 Poisonous Vapours        Pois/Air       0%         N/A       100%        2
 Dazzling Flash           Conj/Hex       0%         N/A       100%        3
 Volatile Blastmotes      Fire/Tloc      0%         2d10      100%        3
 Olgreb's Toxic Radiance  Pois           0%         N/A       100%        4
 Starburst                Conj/Fire      0%         6d3       100%        6
 Maxwell's Capacitive Co  Air            0%         ∞         100%        8


Dungeon Overview and Level Annotations

Branches:
Dungeon (3/15)              Sewer (visited)

Altars:

Shops:
D:2 *


Innate Abilities, Weirdness & Mutations

You are immune to sickness and miasma.
Your stone body is resilient. (AC +4)
You are immune to poison.
You resist negative energy. (rN+)
You are resistant to electric shocks. (rElec)
You are resistant to unholy torment.
You are immune to petrification.


Message History

The worm bites you but does no damage. The gnoll sergeant barely misses you.
You block the gnoll's attack. You block the worm's attack.
Unknown command.
Unknown command.
You feel better. You block the gnoll's attack.
The gnoll sergeant hits you with a +0 trident.
* * * LOW HITPOINT WARNING * * *
The worm bites you but does no damage.
You feel very mighty all of a sudden. You block the gnoll's attack.
The gnoll sergeant closely misses you. The worm completely misses you.
You slash the gnoll sergeant!
The gnoll sergeant is severely wounded.
You hit the gnoll. You hit the worm. You slash the worm!
You block the gnoll sergeant's attack. The gnoll hits you but does no damage.
You block the worm's attack. The worm closely misses you.
Unknown command.
You barely miss the gnoll sergeant.
The gnoll sergeant is severely wounded.
You hit the worm. You slash the worm!
You kill the worm!
You closely miss the gnoll. You block the gnoll's attack.
The gnoll sergeant closely misses you.
The gnoll sergeant hits you with a +0 trident!
* * * LOW HITPOINT WARNING * * *
The gnoll barely misses you.
You barely miss the gnoll sergeant.
The gnoll sergeant is severely wounded.
You barely miss the gnoll. You hit the worm. The gnoll misses you.
The gnoll sergeant hits you with a +0 trident.
* * * LOW HITPOINT WARNING * * *
You block the worm's attack.
Unknown command.
You barely miss the gnoll sergeant.
The gnoll sergeant is severely wounded.
You slash the gnoll!
You kill the gnoll!
You barely miss the worm.
The gnoll sergeant hits you with a +0 trident.
You die...

#. .. ##. #. ..#
#.. .. .. ...#
... #. .#.g..#
###.# #.##.#...
#...
####....#.##.#
##.#
#....)g)...~.#
...# #.##≈~@≈~#
.# ...##
#.##~~w~~##..#
.#..#
#.~~..~..~≈~.#
.##.#
##.~≈.....≈~..#
.##.#
#..÷~.....~~..#
.##.#
##..~≈.....~~..#
.##.#
#...~≈.....~~..#
###.#
#.#.##~~~≈~##..#
# #.#
#.#.##≈≈~~~# ..#


You could see a gnoll sergeant and a worm.

Vanquished Creatures
  A bullfrog (Sewer)
  3 gnolls (D:3)
  12 adders
  2 worms
  3 dart slugs (D:1)
  2 orcs
  5 bats
  4 endoplasms
  9 giant cockroaches
  5 goblins
  4 hobgoblins
  10 jackals
  8 kobolds
  8 quokkas
  7 ball pythons
  7 frilled lizards (Sewer)
  4 rats
94 creatures vanquished.

Notes
Turn   | Place    | Note
-------+----------+-------------------------------------------
     0 | D:1      | Dorkslayer the Gargoyle Fighter began the quest for the
                  | Orb.
     0 | D:1      | Reached XP level 1. HP: 14/14 MP: 1/1
    86 | D:1      | Reached XP level 2. HP: 19/19 MP: 2/2
   294 | D:1      | Reached XP level 3. HP: 23/23 MP: 3/3
   488 | D:1      | Reached skill level 1 in Dodging
  1003 | D:2      | Reached XP level 4. HP: 28/28 MP: 4/4
  1197 | D:2      | Found Uwosy's General Store.
  1204 | D:2      | Bought a potion of curing for 42 gold pieces
  1239 | D:2      | Identified the +3 whip "Nojottun" {freeze, rCorr Int+6
                  | Stlth+}
  1361 | D:3      | Reached XP level 5. HP: 33/33 MP: 5/5
  1436 | D:3      | Found a faded altar of an unknown god.
  1549 | D:3      | Found a glowing drain.
  1563 | Sewer    | Entered a sewer
  1824 | Sewer    | Reached XP level 6. HP: 27/38 MP: 6/6
  1828 | Sewer    | Identified the +5 dagger of Noosoap {elec, Str+4}
  2032 | D:3      | Slain by a gnoll sergeant

Illustrated notes

Levels and vault maps discovered:
D:1:      dpeg_arrival_pond, layout_basic
D:2:      layout_basic, serial_shops, nicolae_shop_just_a_little_nook,
          chequers_garden, minmay_bisected
D:3:      layout_rooms, hellmonk_ecumenical_altar_crossroads,
          cheibrodos_sewer_entry_sluice, minmay_box_of_dots

Skill      XL: |  1  2  3  4  5 |
---------------+----------------+-----
Axes           | 2 3 4 |  4.1
Dodging        | 1 |  1.9
Shields        | 4 |  4.2
Fighting       | 4 |  4.0
Armour         | |  3.8

Action                     |  1- 3 |  4- 6 || total
---------------------------+-------+-------++-------
  Melee: War axe           |   130 |   199 ||   329
    Use: Scroll            |     4 |     2 ||     6
         Potion            |       |     2 ||     2
 Armour: Scale mail        |    94 |    92 ||   186
         Chain mail        |       |     6 ||     6
  Dodge: Dodged            |    95 |   174 ||   269
  Block: Buckler           |    30 |    14 ||    44
         Kite shield       |       |   109 ||   109

Table legend: (Time is in decaauts)
 A = Elapsed time spent in this place.
 B = Non-inter-level travel time spent in this place.
 C = Inter-level travel time spent in this place.
 D = Time resting spent in this place.
 E = Time spent auto-exploring this place.
 F = Levels seen in this place.
 G = Mean time per level.
                   A        B        C        D        E       F      G
               +--------+--------+--------+--------+--------+-----+--------+
         Total |   2173 |   2173 |      0 |     23 |    614 |   4 |  543.2 |
       Dungeon |   1682 |   1682 |      0 |      2 |    614 |   3 |  560.7 |
         Sewer |    490 |    490 |      0 |     21 |      0 |   1 |  490.0 |
               +--------+--------+--------+--------+--------+-----+--------+

Top non-repeatable levels by time:
     D:1: 733 daAuts
     D:2: 682 daAuts
   Sewer: 490 daAuts
     D:3: 267 daAuts
